 Dungeon Crawl Stone Soup version 0.29.1-15-g9cfb28693d (webtiles) character file.

Game seed: 6704409477738085196

63 Anriel the Magician (level 3, -5/19 HPs)
             Began as a Deep Elf Hedge Wizard on Mar 2, 2023.
             Killed from afar by Crazy Yiuf (15 damage)
             ... with a bolt of light
             ... on level 2 of the Dungeon.
             The game lasted 00:10:45 (1750 turns).

Anriel the Magician (Deep Elf Hedge Wizard)         Turns: 1750, Time: 00:10:46

Health: -5/19      AC:  3    Str:  7    XL:     3   Next: 87%
Magic:  9/11       EV: 13    Int: 20    God:
Gold:   54         SH:  0    Dex: 14    Spells: 6/12 levels left

rFire   . . .      SeeInvis .   a - +0 dagger
rCold   . . .      Faith    .   (no shield)
rNeg    . . .      Spirit   .   b - +0 robe
rPois   .          Reflect  .   c - +1 hat
rElec   .          Harm     .   (no cloak)
rCorr   .          Rampage  .   (no gloves)
Will    .....                   (no boots)
Stlth   +.........              (no amulet)
HPRegen 0.06/turn               (no ring)
MPRegen 0.12/turn               (no ring)

@: confused, on blink cooldown
A: no striking features
a: no special abilities


You were on level 2 of the Dungeon.
You visited 1 branch of the dungeon, and saw 2 of its levels.

You collected 54 gold pieces.

Inventory:

Hand Weapons
 a - a +0 dagger (weapon)
Armour
 b - a +0 robe (worn)
 c - a +1 hat (worn)
Magical Staves
 f - a staff of death
Scrolls
 g - 2 scrolls of teleportation
Potions
 d - 2 potions of magic
 e - a potion of curing {unknown}
 h - a potion of lignification {unknown}
 i - a potion of cancellation {unknown}
 j - 2 potions of might {unknown}


   Skills:
 + Level 3.2 Dodging
 - Level 3.0 Stealth
 - Level 5.0 Spellcasting
 + Level 2.4 Conjurations
 + Level 1.4 Hexes
 - Level 1.1 Summonings
 - Level 1.1 Translocations


You had 6 spell levels left.
You knew the following spells:

 Your Spells              Type           Power      Damage    Failure   Level
a - Magic Dart            Conj           56%        1d5       4%          1
b - Blink                 Tloc           18%        N/A       11%         2
c - Slow                  Hex            40%        N/A       6%          1
d - Call Imp              Summ           9%         N/A       11%         2

Your spell library contained the following spells:

 Spells                   Type           Power      Damage    Failure   Level
 Beastly Appendage        Tmut           10%        N/A       12%         1
 Wereblood                Tmut           5%         N/A       17%         2
 Confusing Touch          Hex            10%        N/A       19%         3
 Conjure Flame            Conj/Fire      9%         6-21      22%         3
 Mephitic Cloud           Conj/Pois/Air  8%         N/A       26%         3
 Spider Form              Tmut/Pois      5%         N/A       34%         3
 Vampiric Draining        Necr           5%         2d6       34%         3


Dungeon Overview and Level Annotations

Branches:
Dungeon (2/15)

Altars:
Trog

Annotations:
D:2 Crazy Yiuf


Message History

k - a scroll labelled SINIGU ONLYT
There is a stone staircase leading down here.
Found a stone staircase leading up.
There is an open door, spattered with blood here.
You see here a jackal skeleton.
There is an open door here.
You see here a +0 club.
There is an open door here.
You see here a +0 hammer.
You see here a +0 hammer.
Crazy Yiuf shouts!
Crazy Yiuf says, "I'm not crazy!"
You see here a +0 hammer.
You see here a +0 hammer.
Found three hammers.
You see here a +0 hammer.
Okay, then.
As you read the scroll labelled SINIGU ONLYT, it crumbles to dust.
It is a scroll of enchant armour.
Your +0 hat glows green for a moment.
Crazy Yiuf says, "Snower!
Prologue leg tortoise."
You open the door.
Crazy Yiuf whimpers, "Spliff hand cower!"
Casting: Magic Dart (safe; 4% risk of failure)
Confirm with . or Enter, or press ? or * to list all spells.
Aiming: Magic Dart (safe; 4% risk of failure)
Press: ? - help, Shift-Dir - straight line, f - Crazy Yiuf
Aim: Crazy Yiuf, wielding a +4 quarterstaff of chaos, wearing a +0 cloak and carrying a wand of light (9) (100% to hit)
Okay, then.
Casting: Magic Dart (safe; 4% risk of failure)
Confirm with . or Enter, or press ? or * to list all spells.
You blink.
Crazy Yiuf flaps his cloak.
Crazy Yiuf completely misses you.
Crazy Yiuf zaps a wand.
The bolt of light hits you!
You see here a +0 hammer.
Crazy Yiuf zaps a wand.
The bolt of light hits you!
You are confused.
Ouch! That really hurt!
You die...

♣♣)♣♣ #.......... ♣)♣♣
#.......... ♣♣)♣
#.......... ♣)♣♣
#.......... ♣♣)♣
#.......... ##'##
#.......... #############
#)g)# #..........
............# #)))#
#.......... .####...#####
#@.)# #..........
..###...##### #####
########### ........÷...#
..###...#...######## ..#
#...#.......('.# ###
#...#........#.#
#...#........#.#
#...#........#.##########
#...#########...........#


You could see Crazy Yiuf.

Vanquished Creatures
  An adder (D:2)
  A dart slug (D:2)
  3 bats (D:2)
  6 endoplasms
  A giant cockroach (D:1)
  7 goblins
  2 hobgoblins
  3 jackals (D:2)
  4 kobolds
  5 quokkas
  3 ball pythons (D:2)
  4 frilled lizards
  6 rats
46 creatures vanquished.

Notes
Turn   | Place    | Note
-------+----------+-------------------------------------------
     0 | D:1      | Anriel the Deep Elf Hedge Wizard began the quest for the
                  | Orb.
     0 | D:1      | Reached XP level 1. HP: 10/10 MP: 7/7
   254 | D:1      | Reached XP level 2. HP: 15/15 MP: 5/9
   257 | D:1      | Learned a level 2 spell: Blink
   259 | D:1      | Learned a level 1 spell: Slow
   262 | D:1      | Learned a level 2 spell: Call Imp
   542 | D:1      | Found a faded altar of an unknown god.
   885 | D:2      | Reached XP level 3. HP: 19/19 MP: 9/11
   906 | D:2      | Reached skill level 5 in Spellcasting
   997 | D:2      | Found a runed translucent door.
   998 | D:2      | Noticed Crazy Yiuf
  1367 | D:2      | Reached skill level 1 in Hexes
  1545 | D:2      | Found a bloodstained altar of Trog.
  1750 | D:2      | Killed from afar by Crazy Yiuf

Illustrated notes

Levels and vault maps discovered:
D:1:      eino_arrival_cavern_a, layout_rooms, chequers_ecumenical_altar_island,
          minmay_pentomino_x2
D:2:      layout_basic, basic_altar, uniq_crazy_yiuf_cottage

Skill      XL: |  1  2  3 |
---------------+----------+-----
Dodging        | 3 |  3.2
Conjurations   | 2 |  2.4
Spellcasting   | 5 |  5.0
Stealth        | 3 |  3.0
Hexes          | 1 |  1.4
Summonings     | |  1.1
Translocations | |  1.1

Action                   || total
-------------------------++-------
Melee: Dagger            ||    18
 Cast: Magic Dart        ||    96
       Blink             ||     1
  Use: Scroll            ||     5
 Stab: Sleeping          ||     1
Armor: Robe              ||     6
Dodge: Dodged            ||    25
